 Dungeon Crawl Stone Soup version 0.30-a0-325-gb515db48ae (webtiles) character file.

Game seed: 1823802114934265409

210500 MrRokkomies the Impaler (level 18, -3/174 HPs)
             Began as an Armataur Gladiator on Oct 28, 2022.
             Was a Follower of Yredelemnul.
             Killed from afar by a nagaraja (6 damage)
             ... with a splash of poison
             ... on level 4 of the Snake Pit.
             The game lasted 01:51:57 (26556 turns).

MrRokkomies the Impaler (Armataur Gladiator)       Turns: 26556, Time: 01:51:59

Health: -3/174     AC: 23    Str: 30    XL:     18   Next: 18%
Magic:  17/28      EV:  9    Int:  9    God:    Yredelemnul [*.....]
Gold:   1694       SH:  0    Dex: 16    Spells: 13/17 levels left

rFire   + + +      SeeInvis +    a - +5 glaive "Okysty" {vamp, Str+4 Stlth+}
rCold   . . .      Faith    .    (shield currently unavailable)
rNeg    . . .      Spirit   .    V - +3 plate armour {Will+}
rPois   +          Reflect  .    Z - +1 hat of Anarchy {rPois Slay+2}
rElec   +          Harm     .    f - +0 cloak
rCorr   +          Roll     +    l - +2 pair of gloves {Dex+3}
Will    ++...                    (no barding)
Stlth   ..........               w - amulet of regeneration
HPRegen 2.09/turn                W - ring of Waegeorye {rElec rF+ SInv}
MPRegen 0.21/turn                Q - ring "Raegak Xiusm" {rF++ rCorr EV+4 SInv}

@: lethally poisoned (-3 -> -31), constricted
A: large, rugged brown scales 3, deformed body, armoured tail, roll, long
tongue, awkward tongue, antennae 1, regeneration 1, wild magic 1
}: 1/15 runes: abyssal
a: Renounce Religion, Recall Undead Harvest


You were on level 4 of the Snake Pit.
You worshipped Yredelemnul.
Yredelemnul was pleased with you.
You visited 5 branches of the dungeon, and saw 30 of its levels.
You visited the Abyss 1 time.
You also visited: Gauntlet.

You collected 2987 gold pieces.
You spent 1293 gold pieces at shops.

Inventory:

Hand Weapons
 a - the +5 glaive "Okysty" (weapon) {vamp, Str+4 Stlth+}
   (You found it on level 6 of the Dungeon)

   It occasionally heals its wielder for a portion of the damage dealt when it
   wounds a living foe.
   Str:       It affects your strength (+4).
   Stlth:     It makes you more stealthy.
 b - a +4 vorpal flail
 F - a +4 vorpal glaive
 S - the +6 arbalest "Damnation" {damnation}
   (You found it on level 5 of the Lair of Beasts)

   Any ammunition fired from it explodes in a burst of damnation on striking a
   foe, dealing damage which bypasses armour.
Missiles
 d - 6 javelins
Armour
 f - a +0 cloak (worn)
 l - a +2 pair of gloves of dexterity (worn)
 V - a +3 plate armour of willpower (worn)
 Z - the +1 hat of Anarchy (worn) {rPois Slay+2}
   (You found it in a Gauntlet)

   Slay:      It affects your accuracy & damage with ranged weapons and melee
   (+2).
   rPois:     It protects you from poison.
Jewellery
 c - a ring of positive energy
 e - an amulet of magic regeneration
 h - an amulet of reflection
 o - the ring of the Tortoise {AC+8}
   (You found it in a Gauntlet)

   [ring of protection]

   AC:        It affects your AC (+8).
 w - an amulet of regeneration (around neck)
 z - a +6 ring of dexterity
 B - the ring "Urho" {Fire *Corrode rElec Str-3 Dex+10}
   (You found it on level 3 of the Swamp)

   [ring of fire]

   It enhances your fire magic.
   Str:       It affects your strength (-3).
   Dex:       It affects your dexterity (+10).
   rF:        It protects you from fire.
   rC:        It makes you vulnerable to cold.
   rElec:     It insulates you from electricity.
   *Corrode:  It may corrode you when you take damage.
 E - a ring of wizardry
 G - a ring of willpower
 M - a ring of protection from cold
 Q - the ring "Raegak Xiusm" (right hand) {rF++ rCorr EV+4 SInv}
   (You bought it in a shop on level 4 of the Dungeon)

   [ring of evasion]

   EV:        It affects your evasion (+4).
   rF:        It greatly protects you from fire.
   SInv:      It lets you see invisible.
   rCorr:     It protects you from acid and corrosion.
 W - the ring of Waegeorye (left hand) {rElec rF+ SInv}
   (You found it on level 1 of the Lair of Beasts)

   [ring of see invisible]

   rF:        It protects you from fire.
   rElec:     It insulates you from electricity.
   SInv:      It lets you see invisible.
Wands
 m - a wand of iceblast (15)
 u - a wand of mindburst (16)
 y - a wand of paralysis (18)
 X - a wand of quicksilver (5)
 Y - a wand of flame (24)
Scrolls
 k - 4 scrolls of fog
 n - a scroll of silence
 q - 3 scrolls of teleportation
 x - 4 scrolls of enchant weapon
 A - 11 scrolls of amnesia
 C - 6 scrolls of enchant armour
 D - 4 scrolls of magic mapping
 H - a scroll of poison
 N - 4 scrolls of immolation
 O - 13 scrolls of identify
Potions
 g - 4 potions of invisibility
 i - 6 potions of attraction
 j - 2 potions of might
 p - a potion of magic
 r - 6 potions of flight
 s - 2 potions of haste
 t - a potion of resistance
 v - 8 potions of mutation
 I - 5 potions of lignification
 J - 3 potions of brilliance
 K - 3 potions of ambrosia
 L - 5 potions of curing
 R - a potion of berserk rage
 T - a potion of cancellation
 U - 4 potions of heal wounds
Miscellaneous
 P - a box of beasts


   Skills:
 - Level 15.0 Fighting
 - Level 5.1(5.5) Maces & Flails
 * Level 16.0(16.1) Polearms
 - Level 2.6(12.1) Staves
 - Level 3.7 Throwing
 + Level 13.0 Armour
 - Level 3.5 Dodging
 * Level 10.9 Translocations
 + Level 13.6 Invocations
 - Level 9.0 Evocations


You had 13 spell levels left.
You knew the following spells:

 Your Spells              Type           Power      Damage    Failure   Level
a - Manifold Assault      Tloc           25%        N/A       36%         4

Your spell library contained the following spells:

 Spells                   Type           Power      Damage    Failure   Level
 Blink                    Tloc           50%        N/A       7%          2
 Lesser Beckoning         Tloc           50%        N/A       13%         3
 Momentum Strike          Conj/Tloc      24%        3d8       47%         2
 Kindle Blastsparks       Fire/Tloc/Air  16%        2d11      90%         3
 Beastly Appendage        Tmut           0%         N/A       96%         1
 Freeze                   Ice            0%         1d3       96%         1
 Sandblast                Erth           0%         2d4       96%         1
 Slow                     Hex            0%         N/A       96%         1
 Ensorcelled Hibernation  Hex/Ice        0%         N/A       99%         2
 Passwall                 Tmut/Erth      0%         N/A       99%         2
 Sublimation of Blood     Necr           0%         N/A       99%         2
 Wereblood                Tmut           0%         N/A       99%         2
 Confusing Touch          Hex            0%         N/A       100%        3
 Dazzling Flash           Conj/Hex       0%         N/A       100%        3
 Frozen Ramparts          Ice            0%         1d1       100%        3
 Hailstorm                Conj/Ice       0%         3d3       100%        3
 Ignite Poison            Fire/Tmut/Pois 0%         N/A       100%        3
 Inner Flame              Hex/Fire       0%         N/A       100%        3
 Spider Form              Tmut/Pois      0%         N/A       100%        3
 Stone Arrow              Conj/Erth      0%         3d7       100%        3
 Swiftness                Air            0%         N/A       100%        3
 Vampiric Draining        Necr           0%         2d6       100%        3
 Cause Fear               Hex            0%         N/A       100%        4
 Flame Wave               Conj/Fire      0%         2d4       100%        4
 Petrify                  Tmut/Erth      0%         N/A       100%        4
 Sticky Flame             Conj/Fire      0%         2d3       100%        4
 Agony                    Necr           0%         N/A       100%        5
 Freezing Cloud           Conj/Ice/Air   0%         6-21      100%        5
 Irradiate                Conj/Tmut      0%         3d11      100%        5
 Metabolic Englaciation   Hex/Ice        0%         N/A       100%        5
 Silence                  Hex/Air        0%         N/A       100%        5
 Statue Form              Tmut/Erth      0%         N/A       100%        6
 Enfeeble                 Hex            0%         N/A       100%        7
 Storm Form               Tmut/Air       0%         N/A       100%        7
 Discord                  Hex            0%         N/A       100%        8
 Simulacrum               Ice/Necr       Unusable   N/A       N/A         6

Dungeon Overview and Level Annotations

Branches:
Dungeon (15/15)            Temple (0/1) D:6            Lair (5/5) D:11
  Swamp (4/4) Lair:3        Snake (4/4) Lair:3        Slime (0/5) Lair:4
    Orc (2/2) D:12            Elf (0/3) Orc:2        Vaults (0/5) D:13
 Depths (0/4) D:15        Gauntlet (visited)

Altars:
Ashenzari
Fedhas
Gozag
Hepliaklqana
Okawaru
Qazlal
Sif Muna
Xom
Yredelemnul
Zin
The Shining One

Shops:
D:4 =   D:6 [([[:   D:8 :   Orc:1 *   Orc:2 !*(:   Snake:1 [

Portals:
Pandemonium: Orc:2
Trove: D:14 (give 12 scrolls of teleportation)

Annotations:
D:11 3 runed translucent doors, Jorund's ghost, novice DsNe
D:12 1 runed translucent door


Innate Abilities, Weirdness & Mutations

You are completely covered in rugged brown scales. (AC +3, +7% HP)
Armour fits poorly on your strangely shaped body.
You have a long armoured tail.
You roll when moving toward enemies. (Rampage)
Your long tongue fully drains potion bottles. (2x potion effects)
Your tongue gives you trouble enunciating. (1.5x scroll delay)
You have a pair of small antennae on your head.
Your natural rate of healing is unusually fast.
Your spells are a little harder to cast, but a little more powerful.


Message History

The nagaraja hits your sea snake zombie with a +0 whip!
The nagaraja grabs your sea snake zombie.
The nagaraja constricts your sea snake zombie.
The nagaraja barely misses you.
Your sea snake zombie barely misses the nagaraja.
Your death cob hits the nagaraja but does no damage.
The nagaraja hits you with a +0 flail! The nagaraja constricts you.
The nagaraja hits you with a +0 club!
* * * LOW HITPOINT WARNING * * *
The nagaraja hits your sea snake zombie with a +0 whip!
The nagaraja constricts your sea snake zombie.
Unknown command.
Unknown command.
The nagaraja's grasp on you weakens, but your attempt to escape fails.
You feel sick.
Your death cob hits the nagaraja!!
Your death cob hits the nagaraja.
The nagaraja hits you with a +0 flail!!
* * * LOW HITPOINT WARNING * * *
The nagaraja constricts you.
The nagaraja casts a spell at your death cob.
The bolt of poison hits your death cob.
Your death cob completely resists.
The bolt of poison hits you!
You are more poisoned.
You resist.
* * * LOW HITPOINT WARNING * * *
The nagaraja gestures at you while chanting.
The bolt of poison hits your sea snake zombie.
Your sea snake zombie completely resists.
The bolt of poison hits you.
You are more poisoned.
You resist.
* * * LOW HITPOINT WARNING * * *
The nagaraja constricts your sea snake zombie.
Your sea snake zombie is destroyed!
The nagaraja spits poison at you. The splash of poison hits you.
You are more poisoned.
You resist.
You die...
Your body rises from the dead as a mindless zombie.

Z.#..#..[..#.........##....Z..Z.Z
..#...#.....#.....#.....#.Z#{Z..Z
......#...........#...Z.Z##.....Z
##########.....#....#....##.#####
###...#....#...#####
###.#....##..# ###....#..##
#....#..# #@N..#### #....Nz..)#
##....N...# ##.....N.# ##......#
##.....# ##..... #......


You could see 4 nagarajas and a friendly death cob (summoned).

Vanquished Creatures
  Saint Roka (Snake:2)
  Rupert (D:14)
  A tentacled starspawn (Abyss:3)
  A fenstrider witch (Swamp:1)
  An ironbound preserver (D:13)
  A war gargoyle (Abyss:3)
  2 dire elephants
  A minotaur (Gauntlet)
  2 bunyips (Swamp:2)
  An ettin (D:15)
  A salamander tyrant (Snake:2)
  Erolcha (D:11)
  9 hydras
  A ghost crab (Swamp:2)
  A demonspawn (Orc:2)
  4 two-headed ogres
  A death knight (D:12)
  4 anacondas
  4 catoblepae
  5 alligators
  4 centaur warriors
  5 naga warriors
  4 death yaks
  A hell hog (Gauntlet)
  7 boulder beetles
  4 orc high priests (Orc:2)
  6 naga sharpshooters
  8 shock serpents
  A hell knight (D:15)
  A soul eater (Orc:2)
  3 salamander mystics
  A goliath frog (Swamp:2)
  2 swamp dragons
  A spectral anaconda (Snake:1)
  10 sea snakes
  A deep troll (D:15)
  A deep elf archer (D:14)
  3 naga ritualists
  A spriggan druid (Swamp:1)
  6 orc knights
  Pikel (D:8)
  A bog body (Swamp:1)
  6 mana vipers
  A lindwurm (Lair:5)
  A deep elf pyromancer (D:14)
  7 ugly things
  10 orc sorcerers
  5 cyclopes
  6 salamanders
  9 elephants
  4 manticores
  Maurice (D:8)
  3 guardian serpents
  A salamander (shapeshifter) (Gauntlet)
  26 black mambas
  9 naga magi
  An orange demon (Orc:2)
  9 cane toads
  4 gargoyles
  2 torpor snails (Lair:4)
  7 rime drakes
  A spectral sea snake (Snake:1)
  A sea snake zombie (Snake:1)
  An unseen horror (shapeshifter) (Gauntlet)
  An unseen horror (D:12)
  7 komodo dragons
  An ice devil (Orc:2)
  A freezing wraith (D:15)
  A catoblepas skeleton (Abyss:3)
  2 meliai (D:15)
  6 polar bears
  9 trolls
  A raiju (D:14)
  2 tyrant leeches
  7 slime creatures
  A blink frog (shapeshifter) (D:13)
  5 blink frogs
  4 dream sheep (Lair:5)
  2 spectral black mambas (Snake:1)
  Sigmund (D:3)
  A culicivora (shapeshifter) (D:14)
  A ynoxinul (Abyss:3)
  A centaur simulacrum (D:12)
  3 spriggans (Swamp:2)
  2 fire bats (Gauntlet)
  6 wyverns
  A wraith (D:12)
  A water elemental (D:15)
  46 yaks
  2 steam dragons (D:8)
  A chaos spawn (Abyss:3)
  A neqoxec (Abyss:3)
  5 basilisks
  16 vampire mosquitoes
  11 swamp worms
  Edmund (D:4)
  28 nagas
  4 acid dragons
  8 water moccasins
  4 hell hounds
  A floating eye (Gauntlet)
  A sky beast (D:6)
  35 orc warriors
  A meliai simulacrum (D:14)
  3 ice beasts
  A black bear (D:8)
  6 ogres
  11 centaurs
  18 wolves
  2 lemures (D:8)
  Blork the orc (D:4)
  A kobold brigand (D:10)
  7 bullfrogs
  2 gnoll sergeants
  2 scorpions (D:5)
  5 earth elementals (Abyss:3)
  4 wights (D:8)
  4 killer bees (D:11)
  6 howler monkeys
  16 electric eels
  3 vampire bats (D:3)
  2 hounds
  20 orc priests
  2 gnoll boudas
  3 jellies
  Natasha (thrice) (D:4)
  2 iguanas
  23 orc wizards
  7 hell rats (D:14)
  Robin (D:3)
  16 gnolls
  9 adders
  A white imp (D:8)
  An ufetubus (D:8)
  3 dart slugs
  82 orcs
  8 ball pythons
  11 bats
  9 endoplasms
  4 giant cockroaches
  12 goblins
  7 hobgoblins
  7 jackals
  6 kobolds
  A quokka (D:4)
  5 frilled lizards
  5 rats
804 creatures vanquished.

Vanquished Creatures (collateral kills)
  Agnes (D:15)
  Donald (Snake:1)
  5 nagarajas
  Aizul (Swamp:3)
  Louise (D:15)
  An eleionoma (Swamp:3)
  A dire elephant (D:14)
  3 bunyips
  A salamander tyrant (Snake:2)
  3 ghost crabs
  2 rakshasas
  2 demonspawn (Orc:2)
  4 hydras
  2 centaur warriors
  2 boulder beetles
  3 anacondas
  7 naga warriors
  2 death yaks (Lair:5)
  A naga sharpshooter (Snake:4)
  3 alligators
  A shock serpent (Snake:4)
  A spriggan berserker (Swamp:3)
  A thrashing horror (Abyss:3)
  2 slime creatures (D:15)
  8 sea snakes
  3 goliath frogs
  A salamander mystic (Snake:4)
  A deep troll (D:15)
  4 spriggan druids (Swamp:2)
  A wizard (D:15)
  A bog body (Swamp:3)
  A necromancer (D:15)
  2 orc knights (Orc:2)
  3 ugly things
  A mana viper (Snake:4)
  An orc sorcerer (Orc:2)
  A will-o-the-wisp (Swamp:2)
  9 salamanders
  3 black mambas
  2 guardian serpents (Snake:2)
  An oklob plant (Lair:1)
  13 naga magi
  4 elephants
  5 cane toads
  An efreet (D:15)
  6 komodo dragons
  A rime drake (D:14)
  A meliai (D:15)
  A polar bear (D:11)
  4 hornets
  4 tyrant leeches
  6 blink frogs
  4 dream sheep (Lair:5)
  2 shadows (D:13)
  2 water elementals (D:15)
  6 spriggans
  3 yaks
  A basilisk (Lair:2)
  5 vampire mosquitoes
  7 swamp worms
  7 nagas
  3 water moccasins
  A black bear (Lair:5)
  6 orc warriors
  An ice beast (D:8)
  2 wolves (Lair:3)
  3 centaurs
  A lemure (D:8)
  A bullfrog (Lair:3)
  An electric eel (Snake:4)
  7 orc priests
  An iguana (Lair:3)
  4 hell rats (D:14)
  3 orc wizards
  2 gnolls (Orc:1)
  23 orcs
  A kobold (D:10)
  A butterfly (Swamp:2)
  A plant (Lair:5)
239 creatures vanquished.

Vanquished Creatures (others)
  A spectral salamander (Snake:4)
  A spectral elf (Snake:2)
  4 anaconda zombies
  A spectral deep troll (Orc:2)
  A goliath frog zombie (Swamp:2)
  2 ugly thing zombies (D:15)
  4 centaur zombies
  2 shock serpent zombies
  A catoblepas zombie (Abyss:3)
  4 swamp worm zombies
  2 mana viper zombies
  3 sea snake zombies
  A hydra zombie (Lair:5)
  A spectral black mamba (Lair:2)
  2 boulder beetle zombies (Abyss:3)
  2 meliai zombies (D:15)
  A spectral floating eye (Gauntlet)
  An alligator zombie (Lair:5)
  A guardian serpent zombie (Snake:2)
  A spriggan (Swamp:2)
  7 black mamba zombies
  A spectral orange demon (Orc:2)
  3 slime creature zombies
  5 spriggan zombies (Swamp:2)
  A fire bat zombie (Gauntlet)
  2 cane toad zombies (Lair:3)
  A manticore zombie (D:14)
  4 dream sheep zombies (Lair:5)
  A lindwurm zombie (Lair:5)
  6 elephant zombies
  3 blink frog zombies
  A hornet zombie (Swamp:2)
  A torpor snail zombie (Lair:4)
  6 rime drake zombies
  10 vampire mosquito zombies
  4 salamander zombies
  2 komodo dragon zombies
  5 water moccasin zombies
  A hell hound zombie (Gauntlet)
  2 wyvern zombies (D:14)
  9 yak zombies
  3 polar bear zombies
  A troll zombie (D:12)
  8 wolf zombies
  5 bullfrog zombies
  2 basilisk zombies
  A black bear zombie (D:8)
  2 orc wizards
  2 killer bee zombies (D:11)
  2 kobold zombies (D:10)
  An ice beast zombie (D:11)
  25 naga zombies
  A human zombie (D:8)
  2 howler monkey zombies
  7 hell rat zombies (D:14)
  2 spectral electric eels
  A gnoll (Orc:1)
  A steam dragon zombie (D:8)
  5 gnoll zombies
  An iguana zombie (Lair:3)
  A spectral white imp (D:8)
  An orc (Orc:1)
  71 orc zombies
  A spectral ufetubus (D:8)
  2 demonic plants (D:3)
  37 fungi
  97 plants
  2 starspawn tentacles (Abyss:3)
395 creatures vanquished.

Grand Total: 1438 creatures vanquished

Notes
Turn   | Place    | Note
-------+----------+-------------------------------------------
     0 | D:1      | MrRokkomies the Armataur Gladiator began the quest for the
                  | Orb.
     0 | D:1      | Reached XP level 1. HP: 18/18 MP: 1/1
    56 | D:1      | Reached XP level 2. HP: 25/25 MP: 2/2
   368 | D:1      | You fall into a shaft and drop 1 floor!
   450 | D:1      | Reached skill level 1 in Maces & Flails
   765 | D:2      | Reached XP level 3. HP: 30/31 MP: 3/3
   991 | D:2      | Identified the +3 short sword "Fonija" {pain, rN+ Int+3}
  1215 | D:2      | Reached skill level 1 in Armour
  1660 | D:3      | Noticed Robin
  1747 | D:3      | Killed Robin
  1748 | D:3      | Reached XP level 4. HP: 16/39 MP: 4/4
  1890 | D:3      | Found a faded altar of an unknown god.
  2050 | D:3      | Reached XP level 5. HP: 43/47 MP: 5/5
  2076 | D:3      | Noticed Sigmund
  2090 | D:3      | Killed Sigmund
  2091 | D:3      | Reached XP level 6. HP: 46/54 MP: 6/6
  2601 | D:4      | Noticed Natasha
  2615 | D:4      | Killed Natasha
  2710 | D:4      | Gained mutation: You have a pair of small antennae on your
                  | head. [potion of mutation]
  2710 | D:4      | Gained mutation: Your natural rate of healing is unusually
                  | fast. [potion of mutation]
  2710 | D:4      | Gained mutation: Your spells are a little harder to cast,
                  | but a little more powerful. [potion of mutation]
  2733 | D:4      | Reached XP level 7. HP: 22/62 MP: 7/7
  2857 | D:4      | Found Olakheu's Jewellery Boutique.
  3095 | D:4      | Noticed Natasha
  3102 | D:4      | Killed Natasha
  3157 | D:4      | Noticed Natasha
  3161 | D:4      | Killed Natasha
  3213 | D:4      | Noticed Blork the orc
  3221 | D:4      | Killed Blork the orc
  3237 | D:4      | Noticed Edmund
  3251 | D:4      | Killed Edmund
  3401 | D:5      | Entered Level 5 of the Dungeon
  3452 | D:5      | Found an iron altar of Okawaru.
  3535 | D:5      | Reached XP level 8. HP: 71/71 MP: 8/8
  3749 | D:5      | Found a shimmering altar of Xom.
  3757 | D:5      | Found a blossoming altar of Fedhas.
  3759 | D:5      | Found a glowing silver altar of Zin.
  3765 | D:5      | Found a shimmering blue altar of Sif Muna.
  3827 | D:5      | Reached skill level 5 in Fighting
  3852 | D:5      | Found a hazy altar of Hepliaklqana.
  4091 | D:5      | Found a basalt altar of Yredelemnul.
  4226 | D:5      | Found a glowing golden altar of the Shining One.
  4230 | D:5      | Noticed a profane servitor
  4235 | D:5      | Became a worshipper of Yredelemnul the Dark
  4245 | D:5      | Noticed an angel
  4525 | D:6      | Found Xetaq's Antique Weapon Shop.
  4626 | D:6      | Found Galieh's Antique Armour Shop.
  4630 | D:6      | Found Suly's Book Emporium.
  4663 | D:6      | Reached skill level 5 in Maces & Flails
  4665 | D:6      | Reached skill level 1 in Invocations
  4777 | D:6      | Found Luv Nui's Armour Shop.
  4819 | D:6      | Reached * piety under Yredelemnul
  4911 | D:6      | Found Vynon's Armour Boutique.
  4975 | D:6      | Identified the +4 long sword of the Burning God {vorpal,
                  | rN+ Will+ Int+2}
  4991 | D:6      | Found a staircase to the Ecumenical Temple.
  5004 | D:6      | Identified the +5 glaive "Okysty" {vamp, Str+4 Stlth+}
  5451 | D:7      | Reached skill level 1 in Polearms
  5554 | D:7      | Found an opulent altar of Gozag.
  5618 | D:7      | Reached skill level 5 in Armour
  5619 | D:7      | Reached ** piety under Yredelemnul
  5781 | D:7      | Reached skill level 2 in Polearms
  5781 | D:7      | Reached XP level 9. HP: 72/80 MP: 10/10
  6014 | D:7      | Found a broken altar of Ashenzari.
  6087 | D:8      | Found Yziocron's Book Emporium.
  6108 | D:8      | Noticed Maurice
  6217 | D:8      | Noticed a polar bear
  6224 | D:8      | Killed a polar bear
  6225 | D:8      | Reached skill level 3 in Polearms
  6503 | D:8      | Killed Maurice
  6552 | D:8      | Noticed a polar bear
  6567 | D:8      | Your ally Maurice died
  6574 | D:8      | Killed a polar bear
  6575 | D:8      | Reached skill level 4 in Polearms
  6587 | D:8      | Reached XP level 10. HP: 85/92 MP: 11/13
  6739 | D:8      | Got the Grimoire of Jinxing and Ice
  6801 | D:8      | Noticed Pikel
  6833 | D:8      | Killed Pikel
  6834 | D:8      | Reached skill level 5 in Polearms
  7262 | D:9      | Reached skill level 5 in Invocations
  7310 | D:9      | Reached skill level 6 in Polearms
  7626 | D:10     | Entered Level 10 of the Dungeon
  7780 | D:10     | Reached XP level 11. HP: 103/103 MP: 15/15
  7817 | D:11     | Noticed a deep elf archer
  7817 | D:11     | Noticed Jorund's ghost (novice DsNe)
  7817 | D:11     | Found a runed translucent gate.
  7817 | D:11     | Found a runed translucent gate.
  7817 | D:11     | Found a runed translucent gate.
  7828 | D:11     | Noticed a two-headed ogre
  7902 | D:10     | Reached *** piety under Yredelemnul
  7908 | D:10     | Reached **** piety under Yredelemnul
  7956 | D:10     | Reached ***** piety under Yredelemnul
  8610 | D:11     | Reached skill level 7 in Polearms
  8629 | D:11     | Noticed a two-headed ogre
  8636 | D:11     | Killed a two-headed ogre
  8699 | D:11     | Noticed Erolcha
  8820 | D:11     | Found a staircase to the Lair.
  8840 | D:11     | Reached skill level 10 in Fighting
  9039 | D:11     | Killed Erolcha
  9205 | D:12     | Found a staircase to the Orcish Mines.
  9453 | D:12     | Reached skill level 8 in Polearms
  9491 | D:12     | Reached XP level 12. HP: 114/114 MP: 17/17
  9676 | D:12     | Found a runed translucent door.
  9676 | D:12     | Noticed a death knight
  9691 | D:12     | Killed a death knight
  9693 | D:12     | Noticed an iron dragon
  9847 | Orc:1    | Entered Level 1 of the Orcish Mines
  9967 | Orc:2    | Entered Level 2 of the Orcish Mines
 10151 | Orc:1    | Found Effuowk's CLEARANCE SALE!.
 10836 | D:4      | Identified the +12 falchion "Withri" {vorpal, Dex+3}
 10845 | D:4      | Bought the ring "Raegak Xiusm" {rF++ rCorr EV+4 SInv} for
                  | 843 gold pieces
 10987 | Lair:1   | Entered Level 1 of the Lair of Beasts
 11071 | Lair:1   | Reached skill level 10 in Armour
 11116 | Lair:1   | Reached skill level 9 in Polearms
 11354 | Lair:1   | Reached ****** piety under Yredelemnul
 11380 | Lair:1   | Identified the ring of Waegeorye {rElec rF+ SInv}
 11826 | Lair:2   | Noticed a boulder beetle
 11832 | Lair:2   | Killed a boulder beetle
 11835 | Lair:2   | Reached XP level 13. HP: 99/125 MP: 19/19
 12660 | Lair:3   | Found a staircase to the Snake Pit.
 12787 | Lair:3   | Reached skill level 10 in Polearms
 12864 | Lair:3   | You fall into a shaft and drop 1 floor!
 13423 | Lair:4   | Found a staircase to the Slime Pits.
 14478 | Lair:3   | Found a staircase to the Swamp.
 14623 | Lair:5   | Entered Level 5 of the Lair of Beasts
 14623 | Lair:5   | Found the +6 arbalest "Damnation" {damnation}
 14890 | Lair:5   | Reached skill level 11 in Polearms
 14896 | Lair:5   | Reached XP level 14. HP: 138/138 MP: 21/21
 15005 | Lair:5   | Identified the +0 scale mail of the Vacuum {Str+4}
 15627 | Lair:5   | Reached skill level 10 in Invocations
 16191 | Orc:2    | Found a staircase to the Elven Halls.
 16306 | Orc:2    | Found Gallam's Distillery.
 16323 | Orc:2    | Reached skill level 1 in Evocations
 16328 | Orc:2    | Found Igalics's General Store.
 16432 | Orc:2    | Reached skill level 12 in Polearms
 16585 | Orc:2    | Found Urimn's Book Boutique.
 16585 | Orc:2    | Found a one-way gate leading to the halls of Pandemonium.
 16585 | Orc:2    | Found Lucwotosm's Antique Weapon Shop.
 16642 | Orc:2    | Reached XP level 15. HP: 136/148 MP: 22/22
 17150 | D:6      | Bought a +3 plate armour of willpower for 450 gold pieces
 17710 | D:13     | Found a stormy altar of Qazlal.
 17919 | D:13     | Learned a level 4 spell: Manifold Assault
 18359 | D:13     | Found a gate to the Vaults.
 18522 | D:14     | Found a gate leading to a gauntlet.
 18543 | Gauntlet | Entered a Gauntlet
 18543 | Gauntlet | Found a transporter.
 18543 | Gauntlet | Found a runed translucent door.
 18543 | Gauntlet | Found a transporter.
 18551 | Gauntlet | Found a transporter.
 18555 | Gauntlet | Found a transporter.
 18567 | Gauntlet | Found a transporter.
 18567 | Gauntlet | Found a transporter.
 18574 | Gauntlet | Found the ring of the Tortoise {AC+8}
 18575 | Gauntlet | Found a transporter.
 18592 | Gauntlet | Found a transporter.
 18606 | Gauntlet | Found a transporter.
 18610 | Gauntlet | Found a transporter.
 18618 | Gauntlet | Found a transporter.
 18622 | Gauntlet | Found a transporter.
 18626 | Gauntlet | Found a runed translucent door.
 18666 | Gauntlet | Paralysed by a floating eye for 4 turns
 18681 | Gauntlet | Found a runed translucent door.
 18736 | Gauntlet | Identified the +1 hat of Anarchy {rPois Slay+2}
 18764 | Gauntlet | Reached skill level 15 in Fighting
 18775 | D:14     | Noticed Rupert
 18812 | D:14     | Killed Rupert
 18924 | D:14     | Reached skill level 13 in Polearms
 19041 | D:14     | Found a portal to a secret trove of treasure.
 19149 | D:14     | Reached skill level 5 in Evocations
 19527 | D:15     | Entered Level 15 of the Dungeon
 19536 | D:15     | Noticed Agnes
 19545 | D:15     | Killed Agnes
 19648 | D:15     | Reached skill level 1 in Translocations
 20010 | D:15     | Reached XP level 16. HP: 159/159 MP: 24/24
 20061 | D:15     | Found a staircase to the Depths.
 20095 | D:15     | Noticed Louise
 20101 | Abyss:3  | Cast into level 3 of the Abyss (Louise)
 20311 | Abyss:3  | Got an abyssal rune of Zot
 20538 | Abyss:3  | Noticed a tentacled starspawn
 20551 | Abyss:3  | Killed a tentacled starspawn
 20602 | D:15     | Escaped the Abyss
 20611 | D:15     | Killed Louise
 21039 | Swamp:1  | Entered Level 1 of the Swamp
 21087 | Swamp:1  | Reached skill level 14 in Polearms
 21244 | Swamp:1  | Reached skill level 5 in Translocations
 21413 | Swamp:1  | Identified the +10 falchion "Momu" {vorpal, +Blink rF+++
                  | Int-3 Stlth+}
 22508 | Swamp:3  | Noticed Aizul
 22516 | Swamp:3  | Killed Aizul
 22689 | Swamp:3  | Identified the ring "Urho" {Fire *Corrode rElec Str-3
                  | Dex+10}
 22812 | Swamp:4  | Entered Level 4 of the Swamp
 22898 | Snake:1  | Entered Level 1 of the Snake Pit
 23006 | Snake:1  | You fall into a shaft and drop 1 floor!
 23041 | Snake:2  | Noticed Saint Roka
 23090 | Snake:2  | Killed Saint Roka
 23091 | Snake:2  | Reached XP level 17. HP: 87/166 MP: 26/26
 23136 | Snake:2  | Your ally Saint Roka died
 23427 | Snake:2  | Reached skill level 15 in Polearms
 24514 | Snake:1  | Found Ces Uney's Antique Armour Shoppe.
 24537 | Snake:1  | Noticed Donald
 24545 | Snake:1  | Killed Donald
 25224 | Snake:3  | Reached skill level 10 in Translocations
 25934 | Snake:4  | Entered Level 4 of the Snake Pit
 26106 | Snake:4  | Reached XP level 18. HP: 174/174 MP: 28/28
 26280 | Snake:4  | Reached skill level 16 in Polearms
 26556 | Snake:4  | HP: 7/174 [nagaraja/bolt of poison (11)]
 26556 | Snake:4  | HP: 3/174 [nagaraja/bolt of poison (4)]
 26556 | Snake:4  | Killed from afar by a nagaraja

Illustrated notes

Levels and vault maps discovered:
D:1:      lightli_arrival_flooded_house, layout_loops_ring
D:2:      layout_basic
D:3:      layout_rooms, shapermc_ecumenical_altar_gd, roderic_batcave,
          uniq_sigmund, uniq_robin
D:4:      layout_loops_ring, serial_shops, nicolae_shop_stone, uniq_natasha,
          uniq_edmund, uniq_blork_the_orc
D:5:      layout_basic, grunt_temple_overflow_holy_war, lemuel_round_altar,
          nicolae_overflow_hallway_of_the_gods, serial_co_window_serial,
          co_window_corner_a, co_window_of_opportunity_a, co_window_paths_a,
          co_window_of_opportunity_a, co_window_paths_b, co_window_paths_a,
          co_window_of_opportunity_a, co_window_broadway_c, co_window_paths_c,
          co_window_corner_cb, co_window_2corner, co_window_cross_4,
          co_window_corner_b, co_window_4corner_a, glass_columns_a,
          glass_columns_a
D:6:      layout_loops_cross, minmay_temple_entry_stoned_glass, serial_shops,
          nicolae_stop_n_shop_2, nicolae_shop_statue_plus, shop,
          nicolae_shop_statue_plus, nicolae_shop_overgrown_old_shop
D:7:      layout_basic, ashenzari_conservatory_becter,
          nicolae_gozag_cash_rules_everything_around_me
D:8:      layout_basic, serial_ice, serial_ice_h, serial_ice_i, serial_ice_n,
          serial_ice_d, nicolae_stop_n_shop_1, uniq_maurice, uniq_pikel
D:9:      layout_rooms
D:10:     layout_basic, kennysheep_generic_room_8
D:11:     layout_roguey, hellmonk_lair_entry_icy, gammafunk_ghost_split,
          uniq_erolcha
D:12:     layout_gridville, orc_0_dummy, minivault_13
D:13:     layout_loops_ring, skrybe_vaults_entry_preservation,
          nicolae_qazlal_scattered_showers
D:14:     layout_roguey [special_room_mythical_zoo], grunt_decor_fettered,
          nicolae_trove_entry_isolated, gauntlet_entry_generic,
          beargit_elvish_explorers, uniq_rupert
D:15:     hangedman_depths_entry_civil_slaughter, layout_basic,
          solitary_fountain, feat_on_display, uniq_louise, uniq_agnes
Lair:1:   layout_long_grid, minmay_lair_oklob_items, beast_lair_carwin_10,
          grunt_megastairs_5
Lair:2:   layout_roguey, st_stairs_9
Lair:3:   layout_gridlike, palyth_hydra_swamp_entry,
          guppyfry_snake_entry_garden, serial_bayou_pond_c, wad_woods_03
Lair:4:   layout_roguey, slime_entry_1, minmay_shattered_shrine,
          grunt_megastairs_4, serial_bayou_shore_b
Lair:5:   grunt_lair_end_beastmaster, layout_regular_city, serial_bayou,
          serial_bayou_pond_a, serial_bayou_shore_b, serial_bayou_lagoon_a,
          serial_bayou_ford_a, st_stairs_12, hangedman_lair_generics_rect
Swamp:1:  layout_falls_marsh, nicolae_swamp_big_swirl
Swamp:2:  layout_basic_swamp, evilmike_swamp_ruin_house_5,
          nicolae_swamp_frolicking_bunyips
Swamp:3:  nicolae_swamp_long_stream, layout_basic_swamp,
          infiniplex_staircase_pool, uniq_aizul
Swamp:4:  swamp_pestilence, layout_basic_swamp, swamp_pool5
Snake:1:  layout_basic, serial_shops, shop, uniq_donald
Snake:2:  nicolae_cobra_stairs, layout_misc_corridors, grunt_ministairs_12,
          serial_bayou_pond_d, lemuel_fruit_tree, uniq_saint_roka
Snake:3:  layout_cave_shapes, nicolae_snake_slithery_hallway, grunt_megastairs_3
Snake:4:  grunt_snake_rune_spirals, layout_onion_interference,
          serial_bayou_lake_a, serial_bayou_shore_a
Orc:1:    cheibrodos_orc_arena, layout_caves, nicolae_shop_clearance
Orc:2:    pf_orc_diabolical, layout_diamond_mine, basic_altar

Skill      XL: |  1  2  3  4  5  6  7  8  9 10 11 12 13 14 15 16 17 18 |
---------------+-------------------------------------------------------+-----
Fighting       | 2 3 4 6 7 9 10 11 13 14 15 | 15.0
Maces & Flails | 1 2 3 4 5 |  5.1
Throwing       | 2 3 |  3.7
Armour         | 1 2 3 5 6 7 9 10 11 12 13 | 13.0
Dodging        | 3 |  3.5
Invocations    | 2 4 5 6 8 9 10 11 12 13 | 13.6
Polearms       | 2 4 6 8 9 11 12 13 14 15 16 | 16.0
Evocations     | 2 5 7 9 |  9.0
Translocations | 2 7 10 | 10.9
Staves         | |  2.6

Action                   |  1- 3 |  4- 6 |  7- 9 | 10-12 | 13-15 | 16-18 || total
-------------------------+-------+-------+-------+-------+-------+-------++-------
Melee: Whip              |   121 |   147 |   216 |       |       |       ||   484
       Tailslap          |    11 |    17 |    43 |    87 |   157 |   123 ||   438
       Punch             |     1 |     1 |     1 |       |       |       ||     3
       Glaive            |       |       |   135 |   594 |   949 |   811 ||  2489
       Flail             |       |       |     8 |       |    27 |    12 ||    47
 Fire: Arbalest          |       |       |       |       |     5 |     3 ||     8
Throw: Throwing net      |       |     3 |     3 |     5 |     2 |       ||    13
Invok: Recall Undead Har |       |       |       |     1 |     5 |     7 ||    13
       Bind Soul         |       |       |       |     1 |     2 |     3 ||     6
       Drain Life        |       |       |       |     1 |       |     1 ||     2
       Dark Bargain      |       |       |       |       |       |     1 ||     1
Evoke: Wand              |       |       |       |     3 |    15 |    19 ||    37
       Box of beasts     |       |       |       |       |       |     1 ||     1
  Use: Potion            |     1 |     7 |     3 |     1 |     5 |    12 ||    29
       Scroll            |       |     5 |    11 |     6 |     3 |     8 ||    33
 Stab: Distracted        |       |       |     2 |     6 |    11 |    16 ||    35
       Invisible         |       |       |     1 |       |       |       ||     1
       Held in net/web   |       |       |       |     2 |     1 |       ||     3
       Sleeping          |       |       |       |     1 |       |       ||     1
       Paralysed         |       |       |       |     3 |       |       ||     3
       Petrified         |       |       |       |       |     3 |       ||     3
Armor: Leather armour    |    25 |       |       |       |       |       ||    25
       Scale mail        |    39 |    29 |   118 |   253 |   263 |       ||   702
       Chain mail        |       |    85 |    92 |       |       |       ||   177
       Plate armour      |       |       |       |       |   291 |   508 ||   799
Dodge: Dodged            |    63 |    46 |   160 |   502 |   996 |   429 ||  2196

Table legend: (Time is in decaauts)
 A = Elapsed time spent in this place.
 B = Non-inter-level travel time spent in this place.
 C = Inter-level travel time spent in this place.
 D = Time resting spent in this place.
 E = Time spent auto-exploring this place.
 F = Levels seen in this place.
 G = Mean time per level.
                   A        B        C        D        E       F      G
               +--------+--------+--------+--------+--------+-----+--------+
         Total |  27112 |  25074 |   2038 |   1270 |  17118 |  32 |  847.2 |
       Dungeon |  13569 |  12264 |   1305 |    662 |   8489 |  15 |  904.6 |
          Lair |   5312 |   4966 |    346 |    257 |   3573 |   5 | 1062.4 |
         Swamp |   1966 |   1843 |    123 |      0 |   1428 |   4 |  491.5 |
     Snake Pit |   3646 |   3476 |    170 |    219 |   2294 |   4 |  911.5 |
  Orcish Mines |   1884 |   1793 |     91 |      3 |   1128 |   2 |  942.0 |
         Abyss |    505 |    505 |      0 |    129 |    111 |   1 |  505.0 |
      Gauntlet |    228 |    228 |      0 |      0 |     95 |   1 |  228.0 |
               +--------+--------+--------+--------+--------+-----+--------+

Top non-repeatable levels by time:
  Lair:5: 1315 daAuts
     D:8: 1180 daAuts
 Snake:2: 1156 daAuts
     D:5: 1131 daAuts
  Lair:4: 1123 daAuts
    D:12: 1115 daAuts
     D:7: 1080 daAuts
  Lair:3: 1060 daAuts
 Snake:3: 1039 daAuts
   Orc:2: 981 daAuts
    D:10: 967 daAuts
     D:2: 934 daAuts
  Lair:2: 923 daAuts
    D:11: 907 daAuts
   Orc:1: 902 daAuts
